Little Stars vs Punishers
(R1)
Created - October 21, 2020 at 19:13
Goals
|
| Little Stars |
1 |
3 |
1 |
5 |
| Punishers |
1 |
1 |
7 |
9 |
|
Shots
|
| Little Stars |
15 |
13 |
13 |
41 |
| Punishers |
6 |
10 |
19 |
35 |
|
1st period
1. Punishers , Mattias Tedenby 1 (Tyler Bertuzzi 2, Elias Lindholm 1) at 11:31
2. Little Stars , Jesse Joensuu 1 (Ilya Mikheyev 1, Anton Cederholm 1) at 17:12
Penalties :
Tucker Poolman (Tex) for Holding Stick (Minor) at 2:19, Michael Mersch (Tex) for Holding (Minor) at 5:29
2nd period
3. Little Stars , Joakim Nygard 1 (Jesse Joensuu 1, Tyler Wotherspoon 1) at 6:26 (SH)
4. Little Stars , Jesse Joensuu 2 (Patrick Wiercioch 2, Tyler Wotherspoon 2) at 15:17
5. Little Stars , Evgeny Kuznetsov 1 (Jesse Joensuu 2, Tyler Wotherspoon 3) at 17:32 (PP)
6. Punishers , Samuel Morin 1 (Mattias Tedenby 2, Elias Lindholm 2) at 19:09 (PP)
Penalties :
Adam Tambellini (Tex) for Tripping (Minor) at 4:43, Ben Betker (Pro) for Interference (Minor) at 11:52, Miikka Salomaki (Pro) for Hooking (Minor) at 17:16, Jesse Joensuu (Tex) for Hooking (Minor) at 18:56, Elias Lindholm (Pro) for Holding (Minor) at 19:28
3rd period
7. Punishers , Miikka Salomaki 2 (Mattias Tedenby 3) at 0:28
8. Punishers , Andreas Athanasiou 1 (Radek Faksa 1, Samuel Morin 1) at 1:44 (PP)
9. Punishers , Mattias Tedenby 2 (Samuel Morin 2) at 2:21
10. Punishers , Andreas Athanasiou 2 (Miikka Salomaki 1, Samuel Morin 3) at 5:38
11. Punishers , Joseph Cramarossa 2 (Daniel Audette 1) at 10:57
12. Little Stars , Scott Kosmachuck 2 (Patrick Wiercioch 3) at 15:41
13. Punishers , Miikka Salomaki 3 (Mattias Tedenby 4, Adam Pelech 1) at 16:38 (SH)
14. Punishers , Mattias Tedenby 3 (Miikka Salomaki 2) at 16:50
Penalties :
Patrick Wiercioch (Tex) for Holding (Minor) at 0:22, Fredrik Claesson (Pro) for Hooking (Minor) at 7:43, Eric Knodel (Tex) for Hooking (Minor) at 12:01, Madison Bowey (Pro) for Boarding (Minor) at 16:25, Ilya Mikheyev (Tex) for Hooking (Minor) at 16:46
Goalie Stats
Connor Knapp (Tex), 4 saves from 7 shots - (0.571), 14:22 minutes
Dustin Tokarski (Tex), 22 saves from 28 shots - (0.786), L, 0-2-0, 45:38 minutes
Louis Domingue (Pro), 36 saves from 41 shots - (0.878), W, 2-0-0, 60:00 minutes
Players Stats for Little Stars
Player Name G A P +/- PIM S H SB GA TA FO MP PP MP PK MP
------------------------------------------------------------------------------------
Adam Tambellini 0 0 0 0 2 1 2 0 0 0 0/0 12:06 1:51 0:00
Anton Cederholm 0 1 1 0 0 2 0 2 0 1 0/0 20:29 1:24 3:50
Dana Tyrell 0 0 0 -2 0 3 1 0 0 0 6/9 19:13 1:51 4:54
Daniel O'regan 0 0 0 0 0 2 0 0 2 0 1/3 11:29 0:03 0:00
Eric Knodel 0 0 0 0 2 2 0 1 0 1 0/0 19:05 1:24 3:02
Evgeny Kuznetsov 1 0 1 -3 0 4 2 1 0 0 16/50 24:55 3:31 4:46
Ilya Mikheyev 0 1 1 -1 2 2 2 2 2 1 1/1 20:47 3:34 2:53
Jesse Joensuu 2 2 4 -1 2 5 0 2 2 0 0/3 21:18 3:35 3:04
Joakim Nygard 1 0 1 1 0 7 1 2 0 0 0/0 13:23 0:10 0:46
Michael Mersch 0 0 0 0 2 3 0 0 0 0 2/2 8:16 0:00 1:06
Patrick Wiercioch 0 2 2 -5 2 2 2 3 0 0 0/0 28:31 4:04 4:48
Reece Willcox 0 0 0 2 0 0 1 0 0 0 0/0 11:47 0:00 0:12
Roman Horak 0 0 0 -1 0 3 0 0 0 0 3/3 6:59 0:00 0:05
Scott Kosmachuck 1 0 1 0 0 1 1 0 0 1 0/0 11:56 1:51 0:00
Sebastian Wannstrom 0 0 0 0 0 0 0 0 3 0 0/0 11:15 0:00 0:00
Tucker Poolman 0 0 0 3 2 0 0 0 0 1 0/0 10:35 0:00 0:45
Tyler Wotherspoon 0 3 3 -6 0 2 2 3 0 1 0/0 29:46 4:05 4:57
Zach Budish 0 0 0 -1 0 2 0 0 0 0 0/0 6:33 0:00 0:00
Players Stats for Punishers
Player Name G A P +/- PIM S H SB GA TA FO MP PP MP PK MP
------------------------------------------------------------------------------------
Adam Pelech 0 1 1 0 0 1 1 4 0 1 0/0 18:34 3:35 1:36
Alex Schoenborn 0 0 0 0 0 0 0 0 0 0 1/1 1:52 0:00 1:19
Andreas Athanasiou 2 0 2 0 0 7 4 1 0 0 0/1 21:27 4:44 1:18
Anton Blidh 0 0 0 0 0 0 0 0 0 0 0/0 0:17 0:00 0:00
Austen Brassard 0 0 0 0 0 0 0 0 0 0 0/0 6:40 0:00 0:00
Ben Betker 0 0 0 -1 2 0 0 0 0 0 0/0 8:42 0:00 0:08
Brett Kulak 0 0 0 0 0 0 3 1 0 1 0/0 18:34 3:35 1:36
Carter Ashton 0 0 0 -1 0 0 1 0 2 0 0/0 9:38 0:00 0:00
Connor Clifton 0 0 0 0 0 0 0 0 0 0 0/0 3:48 0:00 0:00
Daniel Audette 0 1 1 0 0 0 0 0 0 0 2/2 6:40 0:00 0:00
Elias Lindholm 0 2 2 1 2 0 2 0 0 1 5/11 15:01 3:58 0:00
Fredrik Claesson 0 0 0 -1 2 0 0 0 0 0 0/0 8:44 0:00 0:00
John Quenneville 0 0 0 -1 0 1 4 0 1 1 1/6 9:38 0:00 0:00
Joseph Cramarossa 1 0 1 0 0 1 1 0 0 0 0/0 6:40 0:00 0:00
Madison Bowey 0 0 0 3 2 1 1 2 0 1 0/0 28:13 5:17 3:45
Mattias Tedenby 3 3 6 4 0 6 1 1 1 0 0/1 20:57 4:03 3:43
Michael Joly 0 0 0 0 0 0 0 0 0 0 0/0 0:33 0:16 0:00
Miikka Salomaki 2 2 4 3 2 9 1 1 1 1 13/17 25:17 4:34 3:21
Nikita Gusev 0 0 0 -1 0 2 2 0 0 0 0/0 9:38 0:00 0:00
Niko Mikkola 0 0 0 1 0 0 0 0 0 0 0/0 1:09 0:00 0:00
Noah Juulsen 0 0 0 0 0 0 0 0 0 0 0/0 3:48 0:00 0:00
Radek Faksa 0 1 1 0 0 4 1 0 1 2 20/32 21:26 4:44 1:17
Samuel Morin 1 3 4 4 0 3 1 3 0 1 0/0 29:26 5:12 3:53
Tyler Bertuzzi 0 1 1 1 0 0 2 0 0 0 0/0 15:01 3:57 0:00
3 Stars
1 - Mattias Tedenby (Pro)
2 - Samuel Morin (Pro)
3 - Miikka Salomaki (Pro)
Power Play
Little Stars - 1 on 5 Attempt(s) - 20.00%
Punishers - 2 on 7 Attempt(s) - 28.57%
Penalty Kill
Little Stars - 5 on 7 Attempt(s) - 71.43%
- Score 1 goal in Penalty Kill
Punishers - 4 on 5 Attempt(s) - 80.00%
- Score 1 goal in Penalty Kill
Team Stat
Little Stars - Hits : 14 - Faceoff Wins : 29 - Blocked Shots : 16 - Penalty Minutes : 14
Punishers - Hits : 25 - Faceoff Wins : 42 - Blocked Shots : 13 - Penalty Minutes : 10
Official
Referees : Unknown
Linesman : Unknown
Game Notes
Connor Knapp enters game at 5:38 of 3rd period
Mattias Tedenby has scored a Hat Trick!
Finance
Level 1 -- Attendance: 1399 (69.95%) -- Ticket Income $55,960
Level 2 -- Attendance: 704 (70.40%) -- Ticket Income $14,080
Total Attendance: 2103 (70.10%)
Total Ticket Income: $70,040
Other Income: $3,502
Total Income: $73,542
Little Stars
5 vs 5 Forward
Center Left Wing Right Wing Time % Phy DF OF
1 Evgeny Kuznetsov Jesse Joensuu Ilya Mikheyev 40 1 2 2
2 Dana Tyrell Adam Tambellini Scott Kosmachuck 30 1 2 2
3 Daniel O'regan Joakim Nygard Sebastian Wannstrom 20 1 2 2
4 Roman Horak Michael Mersch Zach Budish 10 1 2 2
5 vs 5 Defense
Defense Defense Time % Phy DF OF
1 Tyler Wotherspoon Patrick Wiercioch 40 1 2 2
2 Eric Knodel Anton Cederholm 30 1 2 2
3 Reece Willcox Tucker Poolman 20 1 2 2
4 Tyler Wotherspoon Patrick Wiercioch 10 1 2 2
PowerPlay Forward
Center Left Wing Right Wing Time % Phy DF OF
1 Evgeny Kuznetsov Jesse Joensuu Ilya Mikheyev 60 1 2 2
2 Dana Tyrell Adam Tambellini Scott Kosmachuck 40 1 2 2
PowerPlay Defense
Defense Defense Time % Phy DF OF
1 Tyler Wotherspoon Patrick Wiercioch 60 1 2 2
2 Eric Knodel Anton Cederholm 40 1 2 2
Penalty Kill 4 Players Forward
Center Wing Time % Phy DF OF
1 Evgeny Kuznetsov Dana Tyrell 60 1 2 2
2 Jesse Joensuu Ilya Mikheyev 40 1 2 2
Penalty Kill 4 Players Defense
Defense Defense Time % Phy DF OF
1 Tyler Wotherspoon Patrick Wiercioch 60 1 2 2
2 Eric Knodel Anton Cederholm 40 1 2 2
Penalty Kill - 3 Players Forward
Forward Time % Phy DF OF
1 Evgeny Kuznetsov 60 1 2 2
2 Dana Tyrell 40 1 2 2
Penalty Kill - 3 Players Defense
Defense Defense Time % Phy DF OF
1 Tyler Wotherspoon Patrick Wiercioch 60 1 2 2
2 Eric Knodel Anton Cederholm 40 1 2 2
4 vs 4 Forward
Center Wing Time % Phy DF OF
1 Evgeny Kuznetsov Dana Tyrell 60 1 2 2
2 Jesse Joensuu Ilya Mikheyev 40 1 2 2
4 vs 4 Defense
Defense Defense Time % Phy DF OF
1 Tyler Wotherspoon Patrick Wiercioch 60 1 2 2
2 Eric Knodel Anton Cederholm 40 1 2 2
Last Minutes Offensive
Center Left Wing Right Wing Defense Defense
Evgeny Kuznetsov Jesse Joensuu Ilya Mikheyev Tyler Wotherspoon Patrick Wiercioch
Last Minutes Defensive
Center Left Wing Right Wing Defense Defense
Evgeny Kuznetsov Jesse Joensuu Ilya Mikheyev Tyler Wotherspoon Patrick Wiercioch
Goaltenders
Starting : Dustin Tokarski
Backup : Connor Knapp
Extra Forwards
Normal : Joakim Nygard, Daniel O'regan, Michael Mersch - PP : Joakim Nygard, Daniel O'regan - PK : Michael Mersch
Extra Defensemen
Normal : Reece Willcox, Tucker Poolman, Eric Knodel - PP : Reece Willcox - PK : Tucker Poolman, Eric Knodel
Penalty Shots
Evgeny Kuznetsov, Dana Tyrell, Jesse Joensuu, Ilya Mikheyev, Scott Kosmachuck
Scratches
Lawrence Pilut (Healthy), Justin Auger (Healthy), Rudolfs Balcers (Healthy), Yakov Trenin (Healthy), Jean-Christophe Beaudin (Healthy)
Ville Pokka (Healthy), Daniil Tarasov (Healthy), Jason Dickinson (Healthy), Emile Poirier (Healthy), Shane Gersich (Healthy)
Radel Fazleev (Healthy), Julien Nantel (Healthy), Peter Delmas (Healthy)
Punishers
5 vs 5 Forward
Center Left Wing Right Wing Time % Phy DF OF
1 Radek Faksa Andreas Athanasiou Miikka Salomaki 40 1 2 2
2 Elias Lindholm Tyler Bertuzzi Mattias Tedenby 30 1 2 2
3 John Quenneville Nikita Gusev Carter Ashton 20 1 2 2
4 Daniel Audette Joseph Cramarossa Austen Brassard 10 1 2 2
5 vs 5 Defense
Defense Defense Time % Phy DF OF
1 Samuel Morin Madison Bowey 40 1 2 2
2 Adam Pelech Brett Kulak 30 1 2 2
3 Ben Betker Fredrik Claesson 20 1 2 2
4 Noah Juulsen Connor Clifton 10 1 2 2
PowerPlay Forward
Center Left Wing Right Wing Time % Phy DF OF
1 Radek Faksa Andreas Athanasiou Miikka Salomaki 60 1 2 2
2 Elias Lindholm Tyler Bertuzzi Mattias Tedenby 40 1 2 2
PowerPlay Defense
Defense Defense Time % Phy DF OF
1 Samuel Morin Madison Bowey 60 1 2 2
2 Adam Pelech Brett Kulak 40 1 2 2
Penalty Kill 4 Players Forward
Center Wing Time % Phy DF OF
1 Miikka Salomaki Mattias Tedenby 60 1 2 2
2 Andreas Athanasiou Radek Faksa 40 1 2 2
Penalty Kill 4 Players Defense
Defense Defense Time % Phy DF OF
1 Samuel Morin Madison Bowey 60 1 2 2
2 Adam Pelech Brett Kulak 40 1 2 2
Penalty Kill - 3 Players Forward
Forward Time % Phy DF OF
1 Miikka Salomaki 60 1 2 2
2 Mattias Tedenby 40 1 2 2
Penalty Kill - 3 Players Defense
Defense Defense Time % Phy DF OF
1 Samuel Morin Madison Bowey 60 1 2 2
2 Adam Pelech Brett Kulak 40 1 2 2
4 vs 4 Forward
Center Wing Time % Phy DF OF
1 Miikka Salomaki Mattias Tedenby 60 1 2 2
2 Andreas Athanasiou Radek Faksa 40 1 2 2
4 vs 4 Defense
Defense Defense Time % Phy DF OF
1 Samuel Morin Madison Bowey 60 1 2 2
2 Adam Pelech Brett Kulak 40 1 2 2
Last Minutes Offensive
Center Left Wing Right Wing Defense Defense
Radek Faksa Andreas Athanasiou Miikka Salomaki Samuel Morin Madison Bowey
Last Minutes Defensive
Center Left Wing Right Wing Defense Defense
Radek Faksa Andreas Athanasiou Miikka Salomaki Samuel Morin Madison Bowey
Goaltenders
Starting : Louis Domingue
Backup : Daniel Altshuller
Extra Forwards
Normal : Michael Joly, Anton Blidh, Alex Schoenborn - PP : Michael Joly, Anton Blidh - PK : Alex Schoenborn
Extra Defensemen
Normal : Niko Mikkola, Ben Betker, Fredrik Claesson - PP : Niko Mikkola - PK : Ben Betker, Fredrik Claesson
Penalty Shots
Miikka Salomaki, Mattias Tedenby, Andreas Athanasiou, Radek Faksa, Elias Lindholm
Scratches
Nicolas Roy (Healthy), Gabriel Gagne (Healthy), Austin Wagner (Healthy), Zack Hamill (Sprained Right Ankle Injury)
% Time on Ice - Little Stars
Lines # - Real PCT - Wanted PCT - Time Play
Normal Forward
1 - 35% - 40% - 15:08
2 - 23% - 30% - 10:05
3 - 26% - 20% - 11:15
4 - 15% - 10% - 6:33
Normal Defense
1 - 39% - 40% - 16:48
2 - 34% - 30% - 14:30
3 - 23% - 20% - 9:45
4 - 5% - 10% - 1:58
PP Forward
1 - 66% - 60% - 3:38
2 - 34% - 40% - 1:51
PP Defense
1 - 74% - 60% - 4:05
2 - 26% - 40% - 1:24
PK Forward
1 - 65% - 60% - 5:43
2 - 35% - 40% - 3:04
PK Defense
1 - 56% - 60% - 4:57
2 - 44% - 40% - 3:50
PK3 Forward
1 - 0% - 60%
2 - 0% - 40%
PK3 Defense
1 - 0% - 60%
2 - 0% - 40%
44 Forward
1 - 87% - 60% - 2:22
2 - 13% - 40% - 0:21
44 Defense
1 - 72% - 60% - 1:58
2 - 28% - 40% - 0:45
Last Minute Offensive - 0:00
Last Minute Defensive - 0:00
Total
Forward - 60:00
Defense - 60:00
|
% Time on Ice - Punishers
Lines # - Real PCT - Wanted PCT - Time Play
Normal Forward
1 - 36% - 40% - 15:39
2 - 26% - 30% - 11:04
3 - 22% - 20% - 9:38
4 - 15% - 10% - 6:40
Normal Defense
1 - 43% - 40% - 18:21
2 - 29% - 30% - 12:40
3 - 19% - 20% - 8:12
4 - 9% - 10% - 3:48
PP Forward
1 - 55% - 60% - 4:50
2 - 45% - 40% - 3:57
PP Defense
1 - 59% - 60% - 5:12
2 - 41% - 40% - 3:35
PK Forward
1 - 91% - 60% - 5:01
2 - 9% - 40% - 0:28
PK Defense
1 - 71% - 60% - 3:53
2 - 29% - 40% - 1:36
PK3 Forward
1 - 0% - 60%
2 - 0% - 40%
PK3 Defense
1 - 0% - 60%
2 - 0% - 40%
44 Forward
1 - 88% - 60% - 2:24
2 - 12% - 40% - 0:19
44 Defense
1 - 74% - 60% - 2:00
2 - 26% - 40% - 0:43
Last Minute Offensive - 0:00
Last Minute Defensive - 0:00
Total
Forward - 60:00
Defense - 60:00
|
Play-by-Play
1st period
0:01 of 1st period - Radek Faksa wins face-off versus Evgeny Kuznetsov in neutral zone.
1:10 of 1st period - Snap shot by Michael Mersch.
1:10 of 1st period - Stopped by Louis Domingue with a rebound.
1:12 of 1st period - Slapshot by Tyler Wotherspoon.
1:12 of 1st period - Stopped by Louis Domingue with a rebound.
1:32 of 1st period - Jesse Joensuu is hit by Brett Kulak and loses puck.
2:19 of 1st period - Minor Penalty to Tucker Poolman for Holding Stick.
2:20 of 1st period - Dana Tyrell wins face-off versus Radek Faksa in Little Stars zone.
2:28 of 1st period - Anton Cederholm is hit by Madison Bowey.
4:11 of 1st period - Icing by Andreas Athanasiou.
4:12 of 1st period - Michael Mersch wins face-off versus Elias Lindholm in Punishers zone.
4:19 of 1st period - Penalty to Tucker Poolman is over, Tucker Poolman is back on ice.
4:19 of 1st period - Eric Knodel is hit by Brett Kulak and loses puck.
5:11 of 1st period - Scott Kosmachuck is hit by Andreas Athanasiou and loses puck.
5:29 of 1st period - Minor Penalty to Michael Mersch for Holding.
5:30 of 1st period - Radek Faksa wins face-off versus Evgeny Kuznetsov in Little Stars zone.
5:55 of 1st period - Mattias Tedenby is hit by Ilya Mikheyev and loses puck.
7:27 of 1st period - Madison Bowey is hit by Joakim Nygard.
7:29 of 1st period - Penalty to Michael Mersch is over, Michael Mersch is back on ice.
7:37 of 1st period - Backhand shot by Michael Mersch.
7:37 of 1st period - Shot Misses the Net.
8:19 of 1st period - Snap shot by Joakim Nygard.
8:19 of 1st period - Stopped by Louis Domingue without a rebound.
8:20 of 1st period - Daniel O'regan wins face-off versus John Quenneville in Punishers zone.
8:27 of 1st period - Snap shot by Joakim Nygard.
8:27 of 1st period - Stopped by Louis Domingue with a rebound.
8:43 of 1st period - Slapshot by Carter Ashton.
8:43 of 1st period - Shot Misses the Net.
8:45 of 1st period - Snap shot by Andreas Athanasiou.
8:45 of 1st period - Stopped by Dustin Tokarski without a rebound.
8:46 of 1st period - Radek Faksa wins face-off versus Evgeny Kuznetsov in Little Stars zone.
8:57 of 1st period - Wrist shot by Andreas Athanasiou.
8:57 of 1st period - Stopped by Dustin Tokarski without a rebound.
8:58 of 1st period - Miikka Salomaki wins face-off versus Evgeny Kuznetsov in Little Stars zone.
8:59 of 1st period - Slapshot by Andreas Athanasiou.
8:59 of 1st period - Shot Misses the Net.
9:01 of 1st period - Wrist shot by Andreas Athanasiou.
9:01 of 1st period - Shot Blocked by Evgeny Kuznetsov.
9:09 of 1st period - Wrist shot by Andreas Athanasiou.
9:09 of 1st period - Stopped by Dustin Tokarski without a rebound.
9:10 of 1st period - Evgeny Kuznetsov wins face-off versus Radek Faksa in Little Stars zone.
9:14 of 1st period - Off-side.
9:15 of 1st period - Radek Faksa wins face-off versus Evgeny Kuznetsov in neutral zone.
9:21 of 1st period - Icing by Evgeny Kuznetsov.
9:22 of 1st period - Evgeny Kuznetsov wins face-off versus Elias Lindholm in Little Stars zone.
9:36 of 1st period - Off-side.
9:37 of 1st period - Radek Faksa wins face-off versus Dana Tyrell in neutral zone.
9:37 of 1st period - Radek Faksa is hit by Adam Tambellini.
9:41 of 1st period - Wrist shot by Radek Faksa.
9:41 of 1st period - Stopped by Dustin Tokarski with a rebound.
9:51 of 1st period - Snap shot by Adam Tambellini.
9:51 of 1st period - Deflect By Dana Tyrell.
9:51 of 1st period - Shot Blocked by Samuel Morin.
9:51 of 1st period - Puck is out of play.
9:52 of 1st period - Elias Lindholm wins face-off versus Evgeny Kuznetsov in Punishers zone.
9:52 of 1st period - Elias Lindholm is hit by Evgeny Kuznetsov.
10:08 of 1st period - Snap shot by Jesse Joensuu.
10:08 of 1st period - Shot Misses the Net.
10:43 of 1st period - Tyler Wotherspoon is hit by John Quenneville and loses puck.
11:08 of 1st period - Snap shot by Jesse Joensuu.
11:08 of 1st period - Shot Misses the Net.
11:18 of 1st period - Tyler Wotherspoon is hit by Tyler Bertuzzi and loses puck.
11:29 of 1st period - Wrist shot by Elias Lindholm.
11:29 of 1st period - Shot Blocked by Patrick Wiercioch.
11:31 of 1st period - Wrist shot by Tyler Bertuzzi.
11:31 of 1st period - Deflect By Mattias Tedenby.
11:31 of 1st period - Goal by Mattias Tedenby - Little Stars : 0 - Punishers : 1.
11:32 of 1st period - Radek Faksa wins face-off versus Evgeny Kuznetsov in neutral zone.
11:57 of 1st period - Samuel Morin is hit by Adam Tambellini and loses puck.
12:06 of 1st period - Slapshot by Mattias Tedenby.
12:06 of 1st period - Shot Misses the Net.
12:24 of 1st period - Michael Mersch is hit by Carter Ashton and loses puck.
12:30 of 1st period - Icing by Eric Knodel.
12:31 of 1st period - Roman Horak wins face-off versus Radek Faksa in Little Stars zone.
12:31 of 1st period - Roman Horak is hit by Andreas Athanasiou.
12:40 of 1st period - Off-side.
12:41 of 1st period - Radek Faksa wins face-off versus Evgeny Kuznetsov in neutral zone.
13:35 of 1st period - Reece Willcox is hit by Nikita Gusev.
14:13 of 1st period - Slapshot by Mattias Tedenby.
14:13 of 1st period - Shot Misses the Net.
14:19 of 1st period - Snap shot by Jesse Joensuu.
14:19 of 1st period - Stopped by Louis Domingue with a rebound.
14:21 of 1st period - Slapshot by Anton Cederholm.
14:21 of 1st period - Stopped by Louis Domingue without a rebound.
14:22 of 1st period - Radek Faksa wins face-off versus Dana Tyrell in Punishers zone.
14:49 of 1st period - Dana Tyrell is hit by Samuel Morin and loses puck.
14:56 of 1st period - Madison Bowey is hit by Reece Willcox and loses puck.
15:22 of 1st period - Wrist shot by Dana Tyrell.
15:22 of 1st period - Stopped by Louis Domingue with a rebound.
15:24 of 1st period - Wrist shot by Dana Tyrell.
15:24 of 1st period - Stopped by Louis Domingue without a rebound.
15:25 of 1st period - Daniel Audette wins face-off versus Evgeny Kuznetsov in Punishers zone.
15:59 of 1st period - Snap shot by Radek Faksa.
15:59 of 1st period - Shot Blocked by Patrick Wiercioch.
16:39 of 1st period - Slapshot by Jesse Joensuu.
16:39 of 1st period - Deflect By Ilya Mikheyev.
16:39 of 1st period - Shot Misses the Net.
16:39 of 1st period - Puck is out of play.
16:40 of 1st period - Radek Faksa wins face-off versus Evgeny Kuznetsov in Punishers zone.
16:55 of 1st period - Snap shot by Radek Faksa.
16:55 of 1st period - Stopped by Dustin Tokarski with a rebound.
17:05 of 1st period - Jesse Joensuu is hit by John Quenneville and loses puck.
17:12 of 1st period - Slapshot by Jesse Joensuu.
17:12 of 1st period - Goal by Jesse Joensuu - Little Stars : 1 - Punishers : 1.
17:13 of 1st period - Dana Tyrell wins face-off versus Miikka Salomaki in neutral zone.
17:20 of 1st period - Snap shot by Adam Tambellini.
17:20 of 1st period - Stopped by Louis Domingue with a rebound.
17:42 of 1st period - Jesse Joensuu is hit by Brett Kulak and loses puck.
18:03 of 1st period - Snap shot by Michael Mersch.
18:03 of 1st period - Shot Misses the Net.
18:07 of 1st period - Snap shot by Roman Horak.
18:07 of 1st period - Shot Misses the Net.
18:09 of 1st period - Snap shot by Roman Horak.
18:09 of 1st period - Stopped by Louis Domingue with a rebound.
18:11 of 1st period - Wrist shot by Anton Cederholm.
18:11 of 1st period - Shot Blocked by Adam Pelech.
18:13 of 1st period - Wrist shot by Anton Cederholm.
18:13 of 1st period - Shot Blocked by Adam Pelech.
18:33 of 1st period - Snap shot by Nikita Gusev.
18:33 of 1st period - Shot Misses the Net.
18:59 of 1st period - Wrist shot by Daniel O'regan.
18:59 of 1st period - Stopped by Louis Domingue with a rebound.
19:11 of 1st period - Wrist shot by Joakim Nygard.
19:11 of 1st period - Stopped by Louis Domingue with a rebound.
19:13 of 1st period - Snap shot by Anton Cederholm.
19:13 of 1st period - Stopped by Louis Domingue with a rebound.
19:37 of 1st period - Snap shot by Daniel O'regan.
19:37 of 1st period - Shot Misses the Net.
19:39 of 1st period - Slapshot by Eric Knodel.
19:39 of 1st period - Stopped by Louis Domingue without a rebound.
19:40 of 1st period - Evgeny Kuznetsov wins face-off versus Elias Lindholm in Punishers zone.
19:45 of 1st period - Slapshot by Ilya Mikheyev.
19:45 of 1st period - Shot Misses the Net.
19:59 of 1st period - Tyler Wotherspoon is hit by Tyler Bertuzzi and loses puck.
Goals for this period are 1 for Little Stars vs 1 for Punishers.
Shots for this period are 15 for Little Stars vs 6 for Punishers.
2nd period
0:01 of 2nd period - Evgeny Kuznetsov wins face-off versus Radek Faksa in neutral zone.
0:36 of 2nd period - Snap shot by Dana Tyrell.
0:36 of 2nd period - Shot Blocked by Samuel Morin.
0:52 of 2nd period - Slapshot by Joakim Nygard.
0:52 of 2nd period - Shot Misses the Net.
0:54 of 2nd period - Slapshot by Reece Willcox.
0:54 of 2nd period - Deflect By Joakim Nygard.
0:54 of 2nd period - Stopped by Louis Domingue with a rebound.
0:56 of 2nd period - Slapshot by Tucker Poolman.
0:56 of 2nd period - Shot Blocked by Samuel Morin.
2:23 of 2nd period - Slapshot by Adam Pelech.
2:23 of 2nd period - Shot Misses the Net.
2:51 of 2nd period - Slapshot by Daniel O'regan.
2:51 of 2nd period - Shot Blocked by Andreas Athanasiou.
2:53 of 2nd period - Slapshot by Eric Knodel.
2:53 of 2nd period - Shot Misses the Net.
2:55 of 2nd period - Wrist shot by Anton Cederholm.
2:55 of 2nd period - Shot Blocked by Miikka Salomaki.
2:57 of 2nd period - Slapshot by Daniel O'regan.
2:57 of 2nd period - Stopped by Louis Domingue without a rebound.
2:58 of 2nd period - Evgeny Kuznetsov wins face-off versus Elias Lindholm in Punishers zone.
3:07 of 2nd period - Wrist shot by Jesse Joensuu.
3:07 of 2nd period - Stopped by Louis Domingue with a rebound.
3:47 of 2nd period - Scott Kosmachuck is hit by Radek Faksa.
4:13 of 2nd period - Wrist shot by Ilya Mikheyev.
4:13 of 2nd period - Stopped by Louis Domingue with a rebound.
4:15 of 2nd period - Snap shot by Jesse Joensuu.
4:15 of 2nd period - Deflect By Madison Bowey.
4:15 of 2nd period - Shot Misses the Net.
4:15 of 2nd period - Puck is out of play.
4:16 of 2nd period - Evgeny Kuznetsov wins face-off versus Miikka Salomaki in Punishers zone.
4:27 of 2nd period - Patrick Wiercioch is hit by Andreas Athanasiou and loses puck.
4:43 of 2nd period - Minor Penalty to Adam Tambellini for Tripping.
4:44 of 2nd period - Radek Faksa wins face-off versus Evgeny Kuznetsov in Little Stars zone.
4:59 of 2nd period - Slapshot by Madison Bowey.
4:59 of 2nd period - Deflect By Radek Faksa.
4:59 of 2nd period - Stopped by Dustin Tokarski with a rebound.
6:00 of 2nd period - Patrick Wiercioch is hit by Adam Pelech and loses puck.
6:11 of 2nd period - Andreas Athanasiou is hit by Patrick Wiercioch and loses puck.
6:26 of 2nd period - Snap shot by Joakim Nygard.
6:26 of 2nd period - Goal by Joakim Nygard - Little Stars : 2 - Punishers : 1.
6:27 of 2nd period - Radek Faksa wins face-off versus Evgeny Kuznetsov in neutral zone.
6:32 of 2nd period - Slapshot by Samuel Morin.
6:32 of 2nd period - Shot Blocked by Anton Cederholm.
6:43 of 2nd period - Penalty to Adam Tambellini is over, Adam Tambellini is back on ice.
6:53 of 2nd period - Snap shot by Evgeny Kuznetsov.
6:53 of 2nd period - Deflect By Dana Tyrell.
6:53 of 2nd period - Shot Blocked by Mattias Tedenby.
6:53 of 2nd period - Puck is out of play.
6:54 of 2nd period - Elias Lindholm wins face-off versus Daniel O'regan in Punishers zone.
7:23 of 2nd period - Slapshot by Mattias Tedenby.
7:23 of 2nd period - Stopped by Dustin Tokarski without a rebound.
7:24 of 2nd period - Radek Faksa wins face-off versus Evgeny Kuznetsov in Little Stars zone.
8:17 of 2nd period - Snap shot by Roman Horak.
8:17 of 2nd period - Deflect By Michael Mersch.
8:17 of 2nd period - Stopped by Louis Domingue with a rebound.
8:29 of 2nd period - Slapshot by Mattias Tedenby.
8:29 of 2nd period - Stopped by Dustin Tokarski with a rebound.
9:17 of 2nd period - Snap shot by Daniel O'regan.
9:17 of 2nd period - Shot Misses the Net.
9:57 of 2nd period - Wrist shot by Joseph Cramarossa.
9:57 of 2nd period - Shot Misses the Net.
10:28 of 2nd period - Wrist shot by Joakim Nygard.
10:28 of 2nd period - Shot Misses the Net.
10:30 of 2nd period - Slapshot by Eric Knodel.
10:30 of 2nd period - Deflect By Madison Bowey.
10:30 of 2nd period - Stopped by Louis Domingue without a rebound.
10:31 of 2nd period - Radek Faksa wins face-off versus Evgeny Kuznetsov in Punishers zone.
11:23 of 2nd period - Wrist shot by Roman Horak.
11:23 of 2nd period - Stopped by Louis Domingue with a rebound.
11:52 of 2nd period - Minor Penalty to Ben Betker for Interference.
11:53 of 2nd period - Miikka Salomaki wins face-off versus Evgeny Kuznetsov in Punishers zone.
11:58 of 2nd period - Slapshot by Mattias Tedenby.
11:58 of 2nd period - Shot Blocked by Ilya Mikheyev.
13:52 of 2nd period - Penalty to Ben Betker is over, Ben Betker is back on ice.
14:10 of 2nd period - Snap shot by Zach Budish.
14:10 of 2nd period - Stopped by Louis Domingue with a rebound.
14:25 of 2nd period - Wrist shot by Carter Ashton.
14:25 of 2nd period - Shot Misses the Net.
14:27 of 2nd period - Slapshot by Madison Bowey.
14:27 of 2nd period - Stopped by Dustin Tokarski without a rebound.
14:28 of 2nd period - Roman Horak wins face-off versus John Quenneville in Little Stars zone.
14:39 of 2nd period - Snap shot by Zach Budish.
14:39 of 2nd period - Shot Blocked by Adam Pelech.
14:41 of 2nd period - Slapshot by Anton Cederholm.
14:41 of 2nd period - Shot Misses the Net.
14:43 of 2nd period - Slapshot by Eric Knodel.
14:43 of 2nd period - Shot Misses the Net.
15:17 of 2nd period - Wrist shot by Jesse Joensuu.
15:17 of 2nd period - Goal by Jesse Joensuu - Little Stars : 3 - Punishers : 1.
15:18 of 2nd period - Evgeny Kuznetsov wins face-off versus Radek Faksa in neutral zone.
16:04 of 2nd period - Snap shot by Nikita Gusev.
16:04 of 2nd period - Stopped by Dustin Tokarski without a rebound.
16:05 of 2nd period - John Quenneville wins face-off versus Daniel O'regan in Little Stars zone.
16:21 of 2nd period - Snap shot by Nikita Gusev.
16:21 of 2nd period - Shot Misses the Net.
16:44 of 2nd period - Patrick Wiercioch is hit by John Quenneville and loses puck.
16:55 of 2nd period - Wrist shot by John Quenneville.
16:55 of 2nd period - Stopped by Dustin Tokarski with a rebound.
16:57 of 2nd period - Snap shot by Carter Ashton.
16:57 of 2nd period - Deflect By Nikita Gusev.
16:57 of 2nd period - Stopped by Dustin Tokarski without a rebound.
16:58 of 2nd period - Evgeny Kuznetsov wins face-off versus Radek Faksa in Little Stars zone.
17:09 of 2nd period - Slapshot by Evgeny Kuznetsov.
17:09 of 2nd period - Shot Misses the Net.
17:11 of 2nd period - Snap shot by Ilya Mikheyev.
17:11 of 2nd period - Shot Misses the Net.
17:16 of 2nd period - Minor Penalty to Miikka Salomaki for Hooking.
17:17 of 2nd period - Alex Schoenborn wins face-off versus Evgeny Kuznetsov in Punishers zone.
17:32 of 2nd period - Wrist shot by Evgeny Kuznetsov.
17:32 of 2nd period - Goal by Evgeny Kuznetsov - Little Stars : 4 - Punishers : 1.
17:33 of 2nd period - Radek Faksa wins face-off versus Evgeny Kuznetsov in neutral zone.
17:46 of 2nd period - Snap shot by Miikka Salomaki.
17:46 of 2nd period - Stopped by Dustin Tokarski with a rebound.
17:48 of 2nd period - Snap shot by Andreas Athanasiou.
17:48 of 2nd period - Stopped by Dustin Tokarski without a rebound.
17:49 of 2nd period - Dana Tyrell wins face-off versus Elias Lindholm in Little Stars zone.
17:49 of 2nd period - Dana Tyrell is hit by Elias Lindholm.
17:55 of 2nd period - Snap shot by Tyler Wotherspoon.
17:55 of 2nd period - Shot Misses the Net.
18:20 of 2nd period - Slapshot by Brett Kulak.
18:20 of 2nd period - Shot Blocked by Jesse Joensuu.
18:23 of 2nd period - Icing by Ilya Mikheyev.
18:24 of 2nd period - Evgeny Kuznetsov wins face-off versus Radek Faksa in Little Stars zone.
18:41 of 2nd period - Snap shot by Jesse Joensuu.
18:41 of 2nd period - Shot Blocked by Brett Kulak.
18:56 of 2nd period - Minor Penalty to Jesse Joensuu for Hooking.
18:57 of 2nd period - Elias Lindholm wins face-off versus Evgeny Kuznetsov in Little Stars zone.
19:01 of 2nd period - Snap shot by Samuel Morin.
19:01 of 2nd period - Shot Misses the Net.
19:03 of 2nd period - Wrist shot by Elias Lindholm.
19:03 of 2nd period - Shot Misses the Net.
19:05 of 2nd period - Snap shot by Mattias Tedenby.
19:05 of 2nd period - Shot Misses the Net.
19:07 of 2nd period - Backhand shot by Samuel Morin.
19:07 of 2nd period - Shot Misses the Net.
19:09 of 2nd period - Slapshot by Samuel Morin.
19:09 of 2nd period - Goal by Samuel Morin - Little Stars : 4 - Punishers : 2.
19:10 of 2nd period - Evgeny Kuznetsov wins face-off versus Miikka Salomaki in neutral zone.
19:14 of 2nd period - Patrick Wiercioch is hit by Miikka Salomaki and loses puck.
19:17 of 2nd period - Backhand shot by Tyler Wotherspoon.
19:17 of 2nd period - Deflect By Ilya Mikheyev.
19:17 of 2nd period - Stopped by Louis Domingue with a rebound.
19:19 of 2nd period - Snap shot by Evgeny Kuznetsov.
19:19 of 2nd period - Shot Misses the Net.
19:21 of 2nd period - Snap shot by Patrick Wiercioch.
19:21 of 2nd period - Stopped by Louis Domingue with a rebound.
19:23 of 2nd period - Wrist shot by Evgeny Kuznetsov.
19:23 of 2nd period - Deflect By Ilya Mikheyev.
19:23 of 2nd period - Shot Misses the Net.
19:23 of 2nd period - Puck is out of play.
19:24 of 2nd period - Dana Tyrell wins face-off versus Elias Lindholm in Punishers zone.
19:28 of 2nd period - Minor Penalty to Elias Lindholm for Holding.
19:29 of 2nd period - Miikka Salomaki wins face-off versus Evgeny Kuznetsov in Punishers zone.
19:33 of 2nd period - Snap shot by Mattias Tedenby.
19:33 of 2nd period - Shot Blocked by Tyler Wotherspoon.
Goals for this period are 3 for Little Stars vs 1 for Punishers.
Shots for this period are 13 for Little Stars vs 10 for Punishers.
3rd period
0:01 of 3rd period - Miikka Salomaki wins face-off versus Evgeny Kuznetsov in neutral zone.
0:10 of 3rd period - Snap shot by Miikka Salomaki.
0:10 of 3rd period - Shot Blocked by Ilya Mikheyev.
0:12 of 3rd period - Slapshot by Samuel Morin.
0:12 of 3rd period - Stopped by Dustin Tokarski without a rebound.
0:13 of 3rd period - Evgeny Kuznetsov wins face-off versus Mattias Tedenby in Little Stars zone.
0:22 of 3rd period - Minor Penalty to Patrick Wiercioch for Holding.
0:23 of 3rd period - Miikka Salomaki wins face-off versus Evgeny Kuznetsov in Little Stars zone.
0:28 of 3rd period - Wrist shot by Miikka Salomaki.
0:28 of 3rd period - Goal by Miikka Salomaki - Little Stars : 4 - Punishers : 3.
0:29 of 3rd period - Miikka Salomaki wins face-off versus Evgeny Kuznetsov in neutral zone.
0:36 of 3rd period - Wrist shot by Mattias Tedenby.
0:36 of 3rd period - Stopped by Dustin Tokarski without a rebound.
0:37 of 3rd period - Miikka Salomaki wins face-off versus Evgeny Kuznetsov in Little Stars zone.
0:44 of 3rd period - Wrist shot by Miikka Salomaki.
0:44 of 3rd period - Stopped by Dustin Tokarski with a rebound.
0:52 of 3rd period - Madison Bowey is hit by Dana Tyrell and loses puck.
1:01 of 3rd period - Snap shot by Dana Tyrell.
1:01 of 3rd period - Shot Blocked by Madison Bowey.
1:09 of 3rd period - Snap shot by Evgeny Kuznetsov.
1:09 of 3rd period - Stopped by Louis Domingue without a rebound.
1:10 of 3rd period - Miikka Salomaki wins face-off versus Evgeny Kuznetsov in Punishers zone.
1:28 of 3rd period - Penalty to Elias Lindholm is over, Elias Lindholm is back on ice.
1:36 of 3rd period - Icing by Radek Faksa.
1:37 of 3rd period - Radek Faksa wins face-off versus Jesse Joensuu in Punishers zone.
1:44 of 3rd period - Wrist shot by Andreas Athanasiou.
1:44 of 3rd period - Goal by Andreas Athanasiou - Little Stars : 4 - Punishers : 4.
1:45 of 3rd period - Evgeny Kuznetsov wins face-off versus Radek Faksa in neutral zone.
2:21 of 3rd period - Snap shot by Mattias Tedenby.
2:21 of 3rd period - Goal by Mattias Tedenby - Little Stars : 4 - Punishers : 5.
2:22 of 3rd period - Ilya Mikheyev wins face-off versus Radek Faksa in neutral zone.
2:48 of 3rd period - Samuel Morin is hit by Scott Kosmachuck and loses puck.
3:28 of 3rd period - Daniel O'regan is hit by John Quenneville and loses puck.
4:09 of 3rd period - Wrist shot by Mattias Tedenby.
4:09 of 3rd period - Shot Misses the Net.
4:50 of 3rd period - Fredrik Claesson is hit by Tyler Wotherspoon and loses puck.
5:17 of 3rd period - Snap shot by Miikka Salomaki.
5:17 of 3rd period - Stopped by Dustin Tokarski without a rebound.
5:18 of 3rd period - Radek Faksa wins face-off versus Evgeny Kuznetsov in Little Stars zone.
5:26 of 3rd period - Icing by Eric Knodel.
5:27 of 3rd period - Radek Faksa wins face-off versus Evgeny Kuznetsov in Little Stars zone.
5:28 of 3rd period - Wrist shot by Miikka Salomaki.
5:28 of 3rd period - Stopped by Dustin Tokarski with a rebound.
5:30 of 3rd period - Slapshot by Samuel Morin.
5:30 of 3rd period - Shot Misses the Net.
5:32 of 3rd period - Slapshot by Miikka Salomaki.
5:32 of 3rd period - Deflect By Jesse Joensuu.
5:32 of 3rd period - Stopped by Dustin Tokarski with a rebound.
5:34 of 3rd period - Snap shot by Miikka Salomaki.
5:34 of 3rd period - Stopped by Dustin Tokarski with a rebound.
5:36 of 3rd period - Slapshot by Miikka Salomaki.
5:36 of 3rd period - Stopped by Dustin Tokarski with a rebound.
5:38 of 3rd period - Snap shot by Andreas Athanasiou.
5:38 of 3rd period - Goal by Andreas Athanasiou - Little Stars : 4 - Punishers : 6.
5:38 of 3rd period - Connor Knapp enters game.
5:39 of 3rd period - Radek Faksa wins face-off versus Evgeny Kuznetsov in neutral zone.
5:48 of 3rd period - Slapshot by Patrick Wiercioch.
5:48 of 3rd period - Stopped by Louis Domingue without a rebound.
5:49 of 3rd period - Radek Faksa wins face-off versus Jesse Joensuu in Punishers zone.
5:49 of 3rd period - Radek Faksa is hit by Evgeny Kuznetsov.
6:01 of 3rd period - Evgeny Kuznetsov is hit by Andreas Athanasiou and loses puck.
6:24 of 3rd period - Wrist shot by Radek Faksa.
6:24 of 3rd period - Shot Misses the Net.
6:26 of 3rd period - Wrist shot by Andreas Athanasiou.
6:26 of 3rd period - Shot Blocked by Tyler Wotherspoon.
6:28 of 3rd period - Snap shot by Radek Faksa.
6:28 of 3rd period - Stopped by Connor Knapp with a rebound.
6:36 of 3rd period - Snap shot by Andreas Athanasiou.
6:36 of 3rd period - Stopped by Connor Knapp with a rebound.
6:38 of 3rd period - Wrist shot by Miikka Salomaki.
6:38 of 3rd period - Shot Blocked by Jesse Joensuu.
6:40 of 3rd period - Slapshot by Samuel Morin.
6:40 of 3rd period - Stopped by Connor Knapp without a rebound.
6:41 of 3rd period - Elias Lindholm wins face-off versus Dana Tyrell in Little Stars zone.
7:06 of 3rd period - Anton Cederholm is hit by Nikita Gusev.
7:24 of 3rd period - Reece Willcox is hit by Joseph Cramarossa and loses puck.
7:43 of 3rd period - Minor Penalty to Fredrik Claesson for Hooking.
7:44 of 3rd period - Miikka Salomaki wins face-off versus Evgeny Kuznetsov in Punishers zone.
7:56 of 3rd period - Miikka Salomaki is hit by Ilya Mikheyev and loses puck.
8:05 of 3rd period - Tyler Wotherspoon is hit by Mattias Tedenby and loses puck.
8:20 of 3rd period - Wrist shot by Jesse Joensuu.
8:20 of 3rd period - Shot Blocked by Madison Bowey.
8:22 of 3rd period - Slapshot by Tyler Wotherspoon.
8:22 of 3rd period - Shot Misses the Net.
8:24 of 3rd period - Wrist shot by Evgeny Kuznetsov.
8:24 of 3rd period - Stopped by Louis Domingue without a rebound.
8:25 of 3rd period - Dana Tyrell wins face-off versus Andreas Athanasiou in Punishers zone.
9:43 of 3rd period - Penalty to Fredrik Claesson is over, Fredrik Claesson is back on ice.
9:53 of 3rd period - Snap shot by Joakim Nygard.
9:53 of 3rd period - Stopped by Louis Domingue with a rebound.
9:57 of 3rd period - Wrist shot by Joakim Nygard.
9:57 of 3rd period - Stopped by Louis Domingue with a rebound.
10:13 of 3rd period - Snap shot by Zach Budish.
10:13 of 3rd period - Stopped by Louis Domingue with a rebound.
10:15 of 3rd period - Snap shot by Michael Mersch.
10:15 of 3rd period - Stopped by Louis Domingue without a rebound.
10:16 of 3rd period - Michael Mersch wins face-off versus John Quenneville in Punishers zone.
10:42 of 3rd period - Dana Tyrell is hit by Elias Lindholm and loses puck.
10:47 of 3rd period - Snap shot by Mattias Tedenby.
10:47 of 3rd period - Shot Blocked by Eric Knodel.
10:49 of 3rd period - Snap shot by Elias Lindholm.
10:49 of 3rd period - Shot Blocked by Anton Cederholm.
10:51 of 3rd period - Wrist shot by Mattias Tedenby.
10:51 of 3rd period - Shot Misses the Net.
10:53 of 3rd period - Wrist shot by Madison Bowey.
10:53 of 3rd period - Deflect By Mattias Tedenby.
10:53 of 3rd period - Shot Misses the Net.
10:53 of 3rd period - Puck is out of play.
10:54 of 3rd period - Daniel Audette wins face-off versus Evgeny Kuznetsov in Little Stars zone.
10:57 of 3rd period - Snap shot by Joseph Cramarossa.
10:57 of 3rd period - Goal by Joseph Cramarossa - Little Stars : 4 - Punishers : 7.
10:58 of 3rd period - Evgeny Kuznetsov wins face-off versus Radek Faksa in neutral zone.
11:45 of 3rd period - Snap shot by Tyler Bertuzzi.
11:45 of 3rd period - Shot Blocked by Joakim Nygard.
11:47 of 3rd period - Wrist shot by Mattias Tedenby.
11:47 of 3rd period - Shot Blocked by Joakim Nygard.
11:49 of 3rd period - Snap shot by Mattias Tedenby.
11:49 of 3rd period - Shot Misses the Net.
11:51 of 3rd period - Slapshot by Madison Bowey.
11:51 of 3rd period - Shot Misses the Net.
12:01 of 3rd period - Minor Penalty to Eric Knodel for Hooking.
12:02 of 3rd period - Radek Faksa wins face-off versus Evgeny Kuznetsov in Little Stars zone.
12:05 of 3rd period - Snap shot by Radek Faksa.
12:05 of 3rd period - Shot Blocked by Tyler Wotherspoon.
12:07 of 3rd period - Slapshot by Adam Pelech.
12:07 of 3rd period - Stopped by Connor Knapp without a rebound.
12:08 of 3rd period - Evgeny Kuznetsov wins face-off versus Radek Faksa in Little Stars zone.
12:19 of 3rd period - Slapshot by Brett Kulak.
12:19 of 3rd period - Shot Misses the Net.
12:21 of 3rd period - Snap shot by Andreas Athanasiou.
12:21 of 3rd period - Shot Misses the Net.
12:23 of 3rd period - Wrist shot by Radek Faksa.
12:23 of 3rd period - Deflect By Miikka Salomaki.
12:23 of 3rd period - Shot Misses the Net.
12:23 of 3rd period - Puck is out of play.
12:24 of 3rd period - Dana Tyrell wins face-off versus Radek Faksa in Little Stars zone.
12:29 of 3rd period - Andreas Athanasiou is hit by Patrick Wiercioch and loses puck.
14:01 of 3rd period - Penalty to Eric Knodel is over, Eric Knodel is back on ice.
14:04 of 3rd period - Snap shot by Joakim Nygard.
14:04 of 3rd period - Shot Misses the Net.
15:16 of 3rd period - Andreas Athanasiou is hit by Tyler Wotherspoon and loses puck.
15:23 of 3rd period - Slapshot by Connor Clifton.
15:23 of 3rd period - Shot Misses the Net.
15:41 of 3rd period - Wrist shot by Scott Kosmachuck.
15:41 of 3rd period - Goal by Scott Kosmachuck - Little Stars : 5 - Punishers : 7.
15:42 of 3rd period - Evgeny Kuznetsov wins face-off versus John Quenneville in neutral zone.
16:25 of 3rd period - Minor Penalty to Madison Bowey for Boarding.
16:26 of 3rd period - Miikka Salomaki wins face-off versus Evgeny Kuznetsov in Punishers zone.
16:38 of 3rd period - Snap shot by Miikka Salomaki.
16:38 of 3rd period - Goal by Miikka Salomaki - Little Stars : 5 - Punishers : 8.
16:39 of 3rd period - Miikka Salomaki wins face-off versus Jesse Joensuu in neutral zone.
16:44 of 3rd period - Slapshot by Miikka Salomaki.
16:44 of 3rd period - Shot Blocked by Patrick Wiercioch.
16:46 of 3rd period - Minor Penalty to Ilya Mikheyev for Hooking.
16:47 of 3rd period - Miikka Salomaki wins face-off versus Evgeny Kuznetsov in Little Stars zone.
16:48 of 3rd period - Wrist shot by Mattias Tedenby.
16:48 of 3rd period - Shot Misses the Net.
16:50 of 3rd period - Wrist shot by Mattias Tedenby.
16:50 of 3rd period - Goal by Mattias Tedenby - Little Stars : 5 - Punishers : 9.
16:51 of 3rd period - Evgeny Kuznetsov wins face-off versus Miikka Salomaki in neutral zone.
16:59 of 3rd period - Wrist shot by Dana Tyrell.
16:59 of 3rd period - Stopped by Louis Domingue with a rebound.
17:01 of 3rd period - Snap shot by Evgeny Kuznetsov.
17:01 of 3rd period - Stopped by Louis Domingue without a rebound.
17:02 of 3rd period - Miikka Salomaki wins face-off versus Evgeny Kuznetsov in Punishers zone.
17:52 of 3rd period - Wrist shot by Radek Faksa.
17:52 of 3rd period - Shot Misses the Net.
18:17 of 3rd period - Slapshot by Eric Knodel.
18:17 of 3rd period - Shot Blocked by Adam Pelech.
18:25 of 3rd period - Penalty to Madison Bowey is over, Madison Bowey is back on ice.
18:46 of 3rd period - Penalty to Ilya Mikheyev is over, Ilya Mikheyev is back on ice.
18:50 of 3rd period - Icing by Miikka Salomaki.
18:51 of 3rd period - Roman Horak wins face-off versus John Quenneville in Punishers zone.
19:04 of 3rd period - Snap shot by Roman Horak.
19:04 of 3rd period - Stopped by Louis Domingue without a rebound.
19:05 of 3rd period - Elias Lindholm wins face-off versus Evgeny Kuznetsov in Punishers zone.
19:16 of 3rd period - Snap shot by Jesse Joensuu.
19:16 of 3rd period - Stopped by Louis Domingue with a rebound.
19:18 of 3rd period - Wrist shot by Tyler Wotherspoon.
19:18 of 3rd period - Stopped by Louis Domingue with a rebound.
Goals for this period are 1 for Little Stars vs 7 for Punishers.
Shots for this period are 13 for Little Stars vs 19 for Punishers.
Output by the SimonT Hockey Simulator (STHS) for Francois Prevost